General information
- name: BNet
- type: Ladder team game (AT/RT)
- host: Battle.net
- saver: Ger.bigboy1997
map: Monsoon
- players: 6
- length: 21:12
- speed: Fast
- version: 1.27 W3XP
- replay type:

» download(184 KB)
Players
team 1 (loser)

»
CuH_MopKoB (
blue | 87 APM | 1815 actions | 20:57)
3 Archmage
1 Summon Water Elemental
2 Brilliance Aura
2 Mountain King
1 Storm Bolt
1 Bash
» actions
| Assign group hotkey | 22 | |
| Basic commands | 5 | |
| Build / train | 66 | |
| Enter build submenu | 28 | |
| Enter hero's abilities submenu | 5 | |
| Give item / drop item | 1 | |
| Remove unit from queue | 1 | |
| Right click | 941 | |
| Select / deselect | 256 | |
| Select group hotkey | 444 | |
| Use ability | 46 | |
1815 total
» units
| Peasant | 7 | |
| Footman | 12 | |
| Siege Engine | 3 | |
| Gryphon Rider | 7 | |
| Knight | 5 | |
| Mortar Team | 5 | |
39 total
» upgrades
| Swords | 3 | |
| Gunpowder | 2 | |
| Lumber Harvesting | 2 | |
| Priest Training | 0 | |
| Barrage | 1 | |
| Storm Hammers | 1 | |
9 total
» buildings
| Altar of Kings | 1 | |
| Farm | 13 | |
| Barracks | 1 | |
| Lumber Mill | 1 | |
| Scout Tower | 1 | |
| Blacksmith | 1 | |
| Arcane Tower | 1 | |
| Keep | 1 | |
| Arcane Vault | 2 | |
| Arcane Sanctum | 1 | |
| Gryphon Aviary | 1 | |
| Castle | 1 | |
| Workshop | 1 | |
26 total
» build order
00:05 Altar of Kings
00:12 Farm
00:30 Barracks
00:49 Farm
01:12 Lumber Mill
01:37 Scout Tower
02:15 Blacksmith
02:23 Farm
03:15 Farm
03:17 Arcane Tower
03:59 Keep
04:33 Farm
04:55 Arcane Vault
05:03 Arcane Vault
06:15 Farm
06:58 Arcane Sanctum
08:16 Gryphon Aviary
08:41 Castle
09:30 Workshop
09:36 Farm
15:44 Farm
15:45 Farm
15:47 Farm
16:27 Farm
16:29 Farm
16:31 Farm
» items
| Circlet of Nobility | 2 | |
| Potion of Healing | 1 | |
| Scroll of Regeneration | 1 | |
4 total

»
Gladis (
pink | 86 APM | 1815 actions | 21:11)
2 Blademaster
1 Wind Walk
1 Critical Strike
2 Shadow Hunter
1 Healing Wave
1 Hex
1 Tauren Chieftain
1 Endurance Aura
» actions
| Assign group hotkey | 88 | |
| Basic commands | 73 | |
| Build / train | 84 | |
| ESC pressed | 1 | |
| Enter build submenu | 25 | |
| Enter hero's abilities submenu | 5 | |
| Give item / drop item | 2 | |
| Right click | 748 | |
| Select / deselect | 295 | |
| Select group hotkey | 439 | |
| Use ability | 55 | |
1815 total
» units
| Peon | 21 | |
| Grunt | 6 | |
| Shaman | 8 | |
| Ogre Magi | 1 | |
| Gnoll Warden | 1 | |
| Gnoll Brute | 1 | |
| Demolisher | 2 | |
| Tauren | 2 | |
| Troll Witch Doctor | 3 | |
| Troll Headhunter/Berserker | 5 | |
50 total
» upgrades
| Armor | 1 | |
| Pillage | 1 | |
| Berserker Strength | 1 | |
| Shaman Training | 2 | |
| Melee Weapons | 1 | |
| Burning Oil | 1 | |
| Witch Doctor Training | 2 | |
| Berserker Upgrade | 1 | |
| Ranged Weapons | 3 | |
| Pulverize | 1 | |
14 total
» buildings
| Altar of Storms | 1 | |
| Orc Burrow | 9 | |
| Barracks | 1 | |
| Voodoo Lounge | 1 | |
| Stronghold | 1 | |
| War Mill | 1 | |
| Watch Tower | 1 | |
| Spirit Lodge | 2 | |
| Fortress | 4 | |
| Great Hall | 1 | |
| Beastiary | 1 | |
| Tauren Totem | 1 | |
24 total
» build order
00:03 Altar of Storms
00:11 Orc Burrow
00:40 Barracks
01:13 Voodoo Lounge
02:03 Orc Burrow
02:19 Orc Burrow
03:12 Stronghold
03:43 War Mill
04:01 Orc Burrow
04:59 Watch Tower
06:06 Spirit Lodge
06:34 Fortress
06:35 Fortress
06:35 Fortress
10:09 Great Hall
10:26 Spirit Lodge
10:37 Beastiary
11:36 Orc Burrow
12:14 Orc Burrow
13:06 Tauren Totem
13:42 Orc Burrow
16:15 Orc Burrow
16:57 Orc Burrow

»
sperm (
yellow | 167 APM | 3458 actions | 20:41)
3 Demon Hunter
2 Mana Burn
1 Evasion
2 Keeper of the Grove
1 Force of Nature
1 Thorns Aura
1 Priestess of the Moon
1 Scout
» actions
| Assign group hotkey | 52 | |
| Basic commands | 114 | |
| Build / train | 116 | |
| ESC pressed | 6 | |
| Enter build submenu | 30 | |
| Enter hero's abilities submenu | 6 | |
| Give item / drop item | 3 | |
| Right click | 1489 | |
| Select / deselect | 440 | |
| Select group hotkey | 1088 | |
| Use ability | 114 | |
3458 total
» units
| Wisp | 23 | |
| Archer | 17 | |
| Chimaera | 7 | |
| Dryad | 1 | |
48 total
» upgrades
| Ultravision | 1 | |
| Improved Bows | 1 | |
| Hippogryph Taming | 1 | |
| Marksmanship | 1 | |
| Corrosive Breath | 1 | |
| Strength of the Wild | 2 | |
| Well Spring | 1 | |
8 total
» buildings
| Altar of Elders | 1 | |
| Moon Well | 7 | |
| Ancient of War | 1 | |
| Ancient of Wonders | 1 | |
| Tree of Ages | 6 | |
| Hunter's Hall | 1 | |
| Tree of Eternity | 4 | |
| Ancient of Wind | 1 | |
| Chimaera Roost | 3 | |
| Tree of Life | 4 | |
| Ancient of Lore | 1 | |
| Ancient Protector | 1 | |
31 total
» build order
00:03 Altar of Elders
00:12 Moon Well
00:48 Ancient of War
01:32 Moon Well
01:56 Ancient of Wonders
02:33 Moon Well
03:33 Moon Well
04:05 Tree of Ages
04:05 Tree of Ages
04:06 Tree of Ages
04:06 Tree of Ages
04:59 Hunter's Hall
05:54 Moon Well
07:23 Tree of Eternity
07:23 Tree of Eternity
08:10 Ancient of Wind
10:12 Chimaera Roost
10:34 Tree of Life
11:15 Moon Well
11:22 Chimaera Roost
11:24 Chimaera Roost
11:59 Tree of Life
15:21 Ancient of Lore
16:19 Tree of Life
16:27 Moon Well
17:43 Tree of Life
18:12 Ancient Protector
» items
| Dust of Appearance | 4 | |
| Moonstone | 2 | |
| Circlet of Nobility | 3 | |
| Lesser Clarity Potion | 1 | |
| Scroll of Healing | 2 | |
12 total
team 2 (winner)
Ger.bigboy1997 (
teal | 121 APM | 2562 actions | 21:12)
6 Blademaster
2 Wind Walk
3 Critical Strike
1 Bladestorm
» actions
| Assign group hotkey | 8 | |
| Basic commands | 4 | |
| Build / train | 52 | |
| Enter build submenu | 39 | |
| Enter hero's abilities submenu | 6 | |
| Give item / drop item | 6 | |
| Remove unit from queue | 1 | |
| Right click | 1734 | |
| Select / deselect | 222 | |
| Select group hotkey | 224 | |
| Use ability | 265 | |
2562 total
» units
» upgrades
| Pillage | 0 | |
| Ranged Weapons | 3 | |
| Liquid Fire | 1 | |
| Armor | 2 | |
6 total
» buildings
| Altar of Storms | 1 | |
| Orc Burrow | 3 | |
| War Mill | 1 | |
| Voodoo Lounge | 3 | |
| Watch Tower | 21 | |
| Stronghold | 1 | |
| Beastiary | 2 | |
| Fortress | 1 | |
| Great Hall | 1 | |
34 total
» build order
00:09 Altar of Storms
00:19 Orc Burrow
00:35 War Mill
01:26 Voodoo Lounge
01:57 Watch Tower
02:21 Watch Tower
02:38 Watch Tower
02:51 Watch Tower
03:29 Watch Tower
04:04 Stronghold
04:06 Orc Burrow
04:46 Watch Tower
04:47 Watch Tower
04:56 Orc Burrow
05:10 Watch Tower
05:52 Watch Tower
05:53 Watch Tower
05:56 Watch Tower
05:57 Watch Tower
06:00 Watch Tower
06:29 Beastiary
06:43 Fortress
07:09 Voodoo Lounge
07:12 Voodoo Lounge
07:32 Watch Tower
07:58 Beastiary
08:50 Watch Tower
08:51 Watch Tower
09:40 Watch Tower
09:41 Watch Tower
10:57 Watch Tower
13:08 Great Hall
13:31 Watch Tower
13:32 Watch Tower
» items
| Healing Salve | 2 | |
| Lesser Clarity Potion | 4 | |
| Boots of Speed | 1 | |
| Staff of Teleportation | 2 | |
9 total
piggy.incognito (
purple | 126 APM | 2682 actions | 21:12)
4 Mountain King
2 Storm Bolt
2 Bash
3 Paladin
2 Holy Light
1 Divine Shield
» actions
| Assign group hotkey | 407 | |
| Basic commands | 15 | |
| Build / train | 94 | |
| Enter build submenu | 87 | |
| Enter hero's abilities submenu | 7 | |
| Give item / drop item | 4 | |
| Remove unit from queue | 1 | |
| Right click | 989 | |
| Select / deselect | 303 | |
| Select group hotkey | 479 | |
| Use ability | 296 | |
2682 total
» units
» upgrades
| Masonry | 3 | |
| Lumber Harvesting | 2 | |
| Magic Sentry | 1 | |
6 total
» buildings
| Altar of Kings | 1 | |
| Farm | 3 | |
| Scout Tower | 98 | |
| Lumber Mill | 1 | |
| Arcane Tower | 7 | |
| Guard Tower | 42 | |
| Keep | 1 | |
| Town Hall | 2 | |
| Castle | 1 | |
| Arcane Vault | 2 | |
| Arcane Sanctum | 1 | |
159 total
» build order
00:21 Altar of Kings
00:37 Farm
00:48 Scout Tower
01:00 Scout Tower
01:02 Scout Tower
01:10 Lumber Mill
01:14 Farm
01:17 Arcane Tower
01:51 Arcane Tower
01:55 Scout Tower
02:04 Scout Tower
02:21 Scout Tower
02:22 Guard Tower
02:24 Guard Tower
02:32 Guard Tower
02:34 Scout Tower
02:34 Scout Tower
02:49 Scout Tower
02:49 Guard Tower
02:54 Scout Tower
03:09 Scout Tower
03:14 Guard Tower
03:17 Farm
03:23 Guard Tower
03:28 Guard Tower
04:10 Guard Tower
04:12 Scout Tower
04:13 Scout Tower
04:15 Scout Tower
04:20 Keep
04:42 Guard Tower
04:45 Guard Tower
04:47 Scout Tower
04:48 Scout Tower
05:52 Town Hall
05:58 Guard Tower
06:00 Scout Tower
06:01 Scout Tower
06:19 Guard Tower
06:21 Scout Tower
06:22 Scout Tower
06:23 Scout Tower
07:16 Guard Tower
07:48 Scout Tower
08:32 Castle
08:44 Guard Tower
08:45 Scout Tower
08:46 Scout Tower
08:54 Guard Tower
08:56 Scout Tower
08:59 Scout Tower
09:00 Scout Tower
09:14 Scout Tower
09:16 Scout Tower
09:18 Arcane Vault
09:53 Guard Tower
10:07 Arcane Tower
10:11 Arcane Tower
11:17 Arcane Sanctum
11:25 Guard Tower
11:27 Scout Tower
11:29 Scout Tower
11:30 Scout Tower
11:32 Arcane Tower
11:34 Guard Tower
11:36 Scout Tower
11:38 Scout Tower
11:38 Scout Tower
11:39 Scout Tower
11:43 Arcane Vault
11:47 Scout Tower
11:48 Scout Tower
12:12 Scout Tower
12:53 Guard Tower
12:55 Scout Tower
12:56 Scout Tower
12:57 Scout Tower
12:59 Scout Tower
13:00 Scout Tower
13:00 Scout Tower
13:09 Scout Tower
13:11 Guard Tower
14:11 Guard Tower
14:13 Scout Tower
14:14 Scout Tower
14:19 Scout Tower
14:21 Arcane Tower
14:36 Guard Tower
14:38 Scout Tower
14:39 Scout Tower
14:40 Scout Tower
14:40 Scout Tower
14:56 Guard Tower
15:01 Guard Tower
15:05 Scout Tower
15:06 Scout Tower
15:47 Guard Tower
15:54 Scout Tower
15:55 Scout Tower
15:55 Scout Tower
15:56 Scout Tower
16:17 Scout Tower
16:18 Scout Tower
16:20 Town Hall
16:23 Scout Tower
16:24 Scout Tower
16:25 Scout Tower
16:25 Scout Tower
16:26 Scout Tower
16:26 Scout Tower
16:27 Scout Tower
16:28 Scout Tower
16:30 Scout Tower
16:31 Scout Tower
16:32 Arcane Tower
16:38 Guard Tower
16:39 Scout Tower
16:42 Guard Tower
16:44 Scout Tower
16:55 Guard Tower
16:56 Scout Tower
16:58 Guard Tower
17:03 Scout Tower
17:03 Scout Tower
17:14 Guard Tower
17:17 Scout Tower
17:26 Guard Tower
17:31 Guard Tower
17:33 Scout Tower
17:34 Scout Tower
17:38 Guard Tower
17:50 Guard Tower
17:53 Scout Tower
17:55 Guard Tower
17:59 Scout Tower
18:01 Scout Tower
18:12 Guard Tower
18:16 Scout Tower
18:16 Scout Tower
18:19 Scout Tower
19:24 Guard Tower
19:41 Guard Tower
19:44 Scout Tower
19:45 Scout Tower
19:48 Scout Tower
19:49 Scout Tower
20:01 Scout Tower
20:02 Scout Tower
20:03 Scout Tower
20:04 Scout Tower
20:06 Scout Tower
20:09 Scout Tower
20:10 Scout Tower
20:24 Guard Tower
20:37 Guard Tower
20:39 Scout Tower
20:41 Scout Tower
20:57 Guard Tower
21:01 Guard Tower
» items
| Boots of Speed | 2 | |
| Staff of Teleportation | 2 | |
| Potion of Invisibility | 1 | |
| Orb of Lightning | 2 | |
| Scroll of Town Portal | 1 | |
| Staff of Sanctuary | 1 | |
| Healing Salve | 1 | |
| Lesser Clarity Potion | 2 | |
12 total
Us4rmLstGame.de (
red | 91 APM | 1935 actions | 21:12)
4 Warden
2 Shadow Strike
2 Blink
» actions
| Assign group hotkey | 41 | |
| Basic commands | 21 | |
| Build / train | 64 | |
| Enter build submenu | 20 | |
| Enter hero's abilities submenu | 4 | |
| Give item / drop item | 9 | |
| Right click | 1257 | |
| Select / deselect | 317 | |
| Select group hotkey | 107 | |
| Use ability | 94 | |
1935 total
» units
» upgrades
| Well Spring | 1 | |
| Ultravision | 1 | |
| Strength of the Wild | 1 | |
| Reinforced Hides | 2 | |
| Corrosive Breath | 1 | |
6 total
» buildings
| Altar of Elders | 2 | |
| Moon Well | 8 | |
| Tree of Ages | 1 | |
| Tree of Life | 1 | |
| Tree of Eternity | 2 | |
| Hunter's Hall | 1 | |
| Ancient of Wonders | 1 | |
| Ancient of Wind | 1 | |
| Chimaera Roost | 2 | |
19 total
» build order
00:18 Altar of Elders
00:26 Altar of Elders
00:31 Moon Well
01:36 Moon Well
04:13 Tree of Ages
05:23 Tree of Life
06:45 Tree of Eternity
06:46 Tree of Eternity
06:47 Hunter's Hall
06:51 Ancient of Wonders
07:23 Moon Well
07:24 Moon Well
11:33 Moon Well
11:34 Moon Well
11:35 Moon Well
11:36 Moon Well
13:48 Ancient of Wind
15:16 Chimaera Roost
15:17 Chimaera Roost
» items
| Boots of Speed | 1 | |
| Staff of Teleportation | 1 | |
| Circlet of Nobility | 2 | |
| Lesser Clarity Potion | 3 | |
| Orb of Lightning | 1 | |
| Orb of Venom | 1 | |
| Healing Salve | 2 | |
| Anti-magic Potion | 2 | |
13 total
Chat log
(00:41 / Allies) Us4rmLstGame.de: if i never play this map again
(00:43 / Allies) Us4rmLstGame.de: i would be sad
(00:45 / Allies) Us4rmLstGame.de: cos i love it
(01:00 / Allies) Us4rmLstGame.de: you can use my altar and well for the tower line
(01:01 / Allies) Us4rmLstGame.de: idk
(02:46 / Allies) Us4rmLstGame.de: ive warmed up my FeedingFinger tm
(03:16 / Allies) Us4rmLstGame.de: tech
(03:50 / Allies) Us4rmLstGame.de: klets creep your shop
(03:52 / Allies) Us4rmLstGame.de: after that
(04:22 / Allies) Us4rmLstGame.de: i think hes highest dpt
(04:24 / Allies) Us4rmLstGame.de: dps
(04:38 / Allies) Us4rmLstGame.de: salve citizen
(05:11 / Allies) Us4rmLstGame.de: igg
(05:11 / Allies) Us4rmLstGame.de: oh
(05:16 / Allies) Us4rmLstGame.de: u busy
(05:56 / All) Us4rmLstGame.de: d
(06:21 / All) Us4rmLstGame.de: ty
(07:05 / Allies) Us4rmLstGame.de: can i use that
(07:16 / Allies) Us4rmLstGame.de: agi tome for tyler here
(07:32 / Allies) Us4rmLstGame.de: someone help me creep shop?
(07:53 / Allies) Us4rmLstGame.de: excellent use of bash skill
(08:47 / Allies) Us4rmLstGame.de: oooh
(08:50 / Allies) Us4rmLstGame.de: look at those archers
(09:14 / Allies) Us4rmLstGame.de: hexman
(09:14 / Allies) Us4rmLstGame.de: scary
(10:23 / Allies) Us4rmLstGame.de: i wanted poison
(11:01 / Allies) Us4rmLstGame.de: haha the puill
(11:01 / Allies) Us4rmLstGame.de: my god
(11:25 / Allies) Us4rmLstGame.de: does he even have hex
(12:06 / Allies) Us4rmLstGame.de: im trying to be hidescout
(12:12 / Allies) Us4rmLstGame.de: i was spotted
(12:21 / Allies) Us4rmLstGame.de: no i just like
(12:25 / Allies) Us4rmLstGame.de: walked in front of them haha
(12:36 / Allies) Us4rmLstGame.de: nice 1
(12:42 / Allies) Us4rmLstGame.de: their dust on cooldown
(12:45 / Allies) Us4rmLstGame.de: from my hidescout
(12:52 / All) Ger.bigboy1997: thx for item
(13:43 / Allies) Us4rmLstGame.de: do i need chimbo
(13:45 / Allies) Us4rmLstGame.de: or what
(13:50 / Allies) Us4rmLstGame.de: ok
(13:56 / Allies) Us4rmLstGame.de: i got the money
(14:11 / Allies) Us4rmLstGame.de: lets go try something
(14:13 / Allies) Us4rmLstGame.de: i have AMS
(14:18 / Allies) Us4rmLstGame.de: to run in and jack item maybe
(14:30 / Allies) Us4rmLstGame.de: paink
(14:44 / Allies) Us4rmLstGame.de: i dropped that haha
(14:53 / Allies) Us4rmLstGame.de: damn you hit hard
(14:55 / Allies) Us4rmLstGame.de: with that crown
(15:40 / Allies) Us4rmLstGame.de: yea
(15:43 / Allies) Us4rmLstGame.de: clear spot
(16:23 / Allies) Us4rmLstGame.de: yeah had to deal with that sitch first iggy
(16:31 / Allies) Us4rmLstGame.de: dont wanna lose warden while i feed you lumbo
(17:07 / Allies) Us4rmLstGame.de: ill attempt some distraction
(17:26 / Allies) Us4rmLstGame.de: witch doctors droppi nwards
(17:27 / Allies) Us4rmLstGame.de: potentially
(17:37 / Allies) Us4rmLstGame.de: miltia
(17:44 / Allies) Us4rmLstGame.de: iggys militia
(17:46 / Allies) Us4rmLstGame.de: was giving game away
(18:44 / All) piggy.incognito: noobs?
(19:01 / Allies) Us4rmLstGame.de: rofl
(19:02 / Allies) Us4rmLstGame.de: i saw that
(19:19 / All) Us4rmLstGame.de: this isnt working
(19:21 / All) Us4rmLstGame.de: btw
(19:31 / Allies) Us4rmLstGame.de: im telling them
(19:32 / Allies) Us4rmLstGame.de: yes
(20:09 / Allies) Us4rmLstGame.de: im a bit lumberlow
(20:15 / All) Ger.bigboy1997: im such a big boy
(20:31 / Allies) Us4rmLstGame.de: free chim
(20:37 / Allies) Us4rmLstGame.de: 264 jesus
(20:42 / Allies) Us4rmLstGame.de: another
(20:52 / All) Us4rmLstGame.de: yall lost to heroes
(20:53 / All) Us4rmLstGame.de: hehe
(20:57 / All) Ger.bigboy1997: Hey Big Noobs
(20:58 / All) Ger.bigboy1997: sorry